 Dungeon Sprint DCSS version 0.18-b1-20-g17449fe (webtiles) character file.

0 LORDOFBUTT the Ruffian (level 1, 22/22 HPs)
             Began as a Troll Berserker on May 3, 2016.
             Was a Follower of Trog.
             Quit the game in the Dungeon (Sprint V: "Ziggurat Sprint").
             The game lasted 00:00:19 (19 turns).

LORDOFBUTT the Ruffian (Troll Berserker)              Turns: 19, Time: 00:00:20

Health: 22/22      AC:  5    Str: 24    XL:     1   Next: 0%
Magic:  0/0        EV: 10    Int:  3    God:    Trog [*.....]
Gold:   0          SH:  0    Dex:  9    Spells: 0 memorised, 0 levels left

rFire  . . .     SeeInvis .       - Unarmed
rCold  . . .     Gourm    +     a - +0 animal skin
rNeg   . . .     Faith    .     (no shield)
rPois  .         Spirit   .     (helmet restricted)
rElec  .         Dismiss  .     (no cloak)
rCorr  .         Reflect  .     (gloves unavailable)
SustAt .         Harm     .     (boots unavailable)
MR     .....     NoTele   +     (no amulet)
Stlth  +.........               (no ring)
                                (no ring)

@: not resistant to hostile enchantments, very unstealthy
A: unfitting armour, claws 3, fast metabolism 3, gourmand, regeneration 2,
shaggy fur 1, tough skin 2
a: Berserk, Burn Spellbooks, Renounce Religion


You were in the Dungeon.
You worshipped Trog.
Trog was aware of your devotion.
You were not hungry.

You visited 1 branch

Inventory:

Armour
 a - a +0 animal skin (worn)
Jewellery
 w - a +6 ring of dexterity
 x - a +6 ring of dexterity
 y - a +6 ring of intelligence (quivered)
 z - a +6 ring of intelligence
 A - a +6 ring of strength
 B - a +6 ring of strength
Wands
 C - a wand of disintegration (7/24)
 D - a wand of iceblast (5/15)
 E - a wand of lightning (5/15)
 F - a wand of acid (5/15)
Scrolls
 h - 4 scrolls of blinking
 o - 3 scrolls of recharging
 p - 7 scrolls of fog
 q - a scroll of holy word
 r - 5 scrolls of identify
 s - 5 scrolls of remove curse
 t - 2 scrolls of fear
Potions
 c - 10 potions of curing
 d - 10 potions of heal wounds
 e - 6 potions of haste
 f - 7 potions of magic
 g - 3 potions of berserk rage
 i - 2 potions of brilliance
 j - 2 potions of invisibility
 k - 4 potions of resistance
 l - a potion of experience
 m - 5 potions of agility
 n - 5 potions of might
Comestibles
 b - 6 bread rations
 u - 42 fruits
 v - 4 meat rations


   Skills:
 + Level 2.4 Fighting
 + Level 2.4 Dodging
 + Level 3.0 Unarmed Combat


You couldn't memorise any spells.
You didn't know any spells.

Dungeon Overview and Level Annotations

Branches:
Dungeon (1/1)

Altars:
Ashenzari
Cheibriados
Dithmenos
Elyvilon
Fedhas
Gozag
Kikubaaqudgha
Makhleb
Nemelex Xobeh
Okawaru
Pakellas
Qazlal
Ru
Sif Muna
Trog
Vehumet
Xom
Yredelemnul
Zin
The Shining One
Beogh
Jiyva
Lugonu


Innate Abilities, Weirdness & Mutations

You are too large for most types of armour.
You have claws for hands.
Your metabolism is lightning-fast.
You like to eat raw meat.
You heal very quickly.
You are covered in fur (AC +1).
You have very tough skin (AC +2).


Message History

You see here an uncursed ring of flight.
You hear a distant slurping noise.
Things that are here:
an uncursed staff of energy; a crystal ball of energy You hear a distant slurping noise.
C - a wand of disintegration (7/24);
D - a wand of iceblast (5/15)
E - a wand of lightning (5/15);
F - a wand of acid (5/15)
Things that are here:
an uncursed staff of energy; a crystal ball of energy You hear a distant slurping noise.
You see here an uncursed ring of flight.
You hear a distant slurping noise.
You see here a disc of storms.
Items here: )))) [[ Put on which piece of jewellery? (? for menu, Esc to quit)
Okay, then.
Okay, then.
Quiver which item? (- for none, * to show all) (? for menu, Esc to quit)
Quivering
y - a +6 ring of intelligence for throwing.
Are you sure you want to abandon this character and quit the game? (Confirm with "yes".)

▓▓▓▓▓▓▓▓▓▓▓▓▓▓▓▓
8_8_8_8©8_8_8_8▓
▓_.........@).._▓
▓8..)).........8▓
▓_..))........._▓
▓8..().....}...8▓
▓_...).....=..._▓
▓8......?..|...8▓
▓_...[........._▓
▓8...[.<.......8▓
▓_............._▓


There were no monsters in sight!

Vanquished Creatures (others)
  An azure jelly (D)
  Josephine (D)
  A spatial maelstrom (D)
  Menkaure (D)
  Jessica (D)
5 creatures vanquished.

Notes
Turn   | Place    | Note
--------------------------------------------------------------
     0 | D        | LORDOFBUTT the Troll Berserker began the quest for the Orb.
     0 | D        | Reached XP level 1. HP: 22/22 MP: 0/0
     0 | D        | Found a roughly hewn altar of Beogh.
     0 | D        | Found a viscous altar of Jiyva.
     0 | D        | Found a corrupted altar of Lugonu.
     0 | D        | Found a white marble altar of Elyvilon.
     0 | D        | Found a sparkling altar of Nemelex Xobeh.
     0 | D        | Found a burning altar of Makhleb.
     0 | D        | Found an iron altar of Okawaru.
     0 | D        | Found a deep blue altar of Sif Muna.
     0 | D        | Found a radiant altar of Vehumet.
     0 | D        | Found a bloodstained altar of Trog.
     0 | D        | Found a shimmering altar of Xom.
     6 | D        | Killed Jessica
     9 | D        | Killed Menkaure
    12 | D        | Banished a spatial maelstrom
    16 | D        | Killed Josephine
    16 | D        | Killed an azure jelly
    19 | D        | Quit the game
